 Dungeon Crawl Stone Soup version 0.30-a0-534-gdc55766716 (webtiles) character file.

Game seed: 7206961897727683064

765 porpoise the Chopper (level 7, -3/53 (58) HPs)
             Began as a Demonspawn Monk on Dec 25, 2022.
             Slain by a gnoll
             ... wielding a +0 halberd
             ... led by a gnoll bouda
              (7 damage)
             ... on level 6 of the Dungeon.
             The game lasted 00:16:31 (5718 turns).

porpoise the Chopper (Demonspawn Monk)              Turns: 5718, Time: 00:16:32

HP:   -3/53 (58)    AC:  8    Str: 13    XL:     7   Next: 51%
MP:   7/7           EV: 11    Int: 12    God:
Gold: 50            SH:  0    Dex: 15    Spells: 6/6 levels left

rFire   + . .      SeeInvis .    a - +0 hand axe
rCold   . . .      Faith    .    (no shield)
rNeg    . . .      Spirit   .    A - +0 ring mail "Veimiblune" {rElec rF+ Slay+4}
rPois   .          Reflect  .    (helmet restricted)
rElec   +          Harm     .    p - +0 cloak
rCorr   .          Rampage  .    (no gloves)
Will    .....                    (no boots)
Stlth   +                        e - amulet of the acrobat
HPRegen 0.28/turn                (no ring)
MPRegen 0.10/turn                (no ring)

@: attractive, drained
A: horns 1, rugged brown scales 2
a: no special abilities


You were on level 6 of the Dungeon.
You visited 1 branch of the dungeon, and saw 6 of its levels.

You collected 387 gold pieces.
You spent 337 gold pieces at shops.

Inventory:

Hand Weapons
 a - a +0 hand axe (weapon)
 z - a +0 whip of electrocution
Missiles
 i - 5 javelins (quivered)
Armour
 p - a +0 cloak (worn)
 A - the +0 ring mail "Veimiblune" (worn) {rElec rF+ Slay+4}
   (You bought it in a shop on level 6 of the Dungeon)

   Slay:      It affects your accuracy & damage with ranged weapons and melee
   (+4).
   rF:        It protects you from fire.
   rElec:     It insulates you from electricity.
Jewellery
 e - an amulet of the acrobat (around neck)
 o - a ring of fire
 w - an amulet of faith
Scrolls
 b - a scroll of teleportation
 d - a scroll of poison
 f - a scroll of blinking
 g - a scroll of acquirement {unknown}
 j - a scroll of immolation {unknown}
 k - a scroll of vulnerability {unknown}
 l - 2 scrolls of enchant armour
 m - a scroll of magic mapping
 n - a scroll of silence {unknown}
 t - a scroll of amnesia {unknown}
 v - a scroll of enchant weapon {unknown}
 y - a scroll of brand weapon {unknown}
Potions
 c - 2 potions of ambrosia
 h - a potion of flight
 q - 2 potions of curing
 r - a potion of lignification
 x - a potion of mutation {unknown}


   Skills:
 + Level 5.6 Fighting
 * Level 6.9 Axes
 - Level 2.6 Dodging
 - Level 1.7 Stealth


You had 6 spell levels left.
You didn't know any spells.
Your spell library contained the following spells:

 Spells                   Type           Power      Damage    Failure   Level
 Summon Small Mammal      Summ           0%         N/A       58%         1
 Call Canine Familiar     Summ           0%         N/A       91%         3
 Summon Guardian Golem    Hex/Summ       0%         N/A       91%         3


Dungeon Overview and Level Annotations

Branches:
Dungeon (6/15)
 Temple: D:4-7

Altars:

Shops:
D:6 *


Innate Abilities, Weirdness & Mutations

You have a pair of small horns on your head.
You are mostly covered in rugged brown scales. (AC +2, +5% HP)


Message History

The gnoll hits you with a +0 halberd.
You hit the gnoll. You headbutt the gnoll.
The gnoll is almost dead.
You hit the wight but do no damage.
A gnoll comes into view. It is wielding a +0 halberd.
The wight barely misses you.
The gnoll hits you from afar with a +0 halberd!
The gnoll bouda barks out a call to the hunt!
The gnolls pick up the pace!
The gnoll closely misses you.
The gnoll shouts!
You hear a shout!
You hit the gnoll but do no damage.
The gnoll is almost dead.
You barely miss the wight. The wight hits you with a +3 hand axe!
You feel drained. The gnoll closely misses you.
The gnoll hits you from afar with a +0 halberd!
* * * LOW HITPOINT WARNING * * *
It was a potion of curing.
You feel better. The wight closely misses you.
The gnoll hits you with a +0 halberd!
* * * LOW HITPOINT WARNING * * *
It was a potion of lignification.
You turn into a tree.
Your +0 cloak melds into your body.
The +0 ring mail "Veimiblune" {rElec rF+ Slay+4} melds into your body.
Your roots penetrate the ground.
The wight hits you with a +3 hand axe.
* * * LOW HITPOINT WARNING * * *
The gnoll hits you but does no damage.
It was a potion of attraction.
You feel attractive to monsters. The wight hits you with a +3 hand axe.
* * * LOW HITPOINT WARNING * * *
You feel drained.
It was a potion of cancellation.
Your magical effects are unravelling.
You feel magically purged.
You feel less wooden.
Your +0 cloak unmelds from your body.
The +0 ring mail "Veimiblune" {rElec rF+ Slay+4} unmelds from your body.
Your attacks no longer feel as feeble.
The gnoll hits you from afar with a +0 halberd!
You die...

,,,**,,,*,**,#..#,*
,,***,,,,,,,,#...,*
*** ****,,***#..#**
*,,***#z.*
*,,,,,...*
*,****#.#* *,* #.#
****,* #.#########
*,,,,*


#zz@gggg..# *,**** #.#######.# *,* #.# *,* *,* #.# *,* *,* #.# *,* *,* #.### *,*
*,* #...# *,* *****,* ###.# *,* ,,,,,,* ##.# *,* You could see a gnoll bouda, 2
wights and 3 gnolls.

Vanquished Creatures
  A water moccasin (D:5)
  A phantom (D:4)
  A necrophage (D:5)
  A jelly (D:6)
  Crazy Yiuf (D:5)
  3 hounds
  A gnoll bouda (D:5)
  4 iguanas
  2 orc wizards (D:4)
  Robin (D:3)
  5 gnolls
  4 adders
  A shadow imp (D:4)
  A white imp (D:6)
  3 worms (D:2)
  A dart slug (D:2)
  3 orcs
  6 ball pythons
  5 endoplasms
  6 giant cockroaches
  12 goblins
  12 hobgoblins
  7 jackals
  9 kobolds
  4 quokkas
  5 bats
  2 frilled lizards (D:2)
  6 rats
108 creatures vanquished.

Notes
Turn   | Place    | Note
-------+----------+-------------------------------------------
     0 | D:1      | porpoise the Demonspawn Monk began the quest for the Orb.
     0 | D:1      | Reached XP level 1. HP: 18/18 MP: 1/1
   180 | D:1      | Reached skill level 3 in Axes
   228 | D:1      | Gained mutation: You are partially covered in rugged brown
                  | scales. (AC +1, +3% HP) [demonic ancestry]
   228 | D:1      | Reached XP level 2. HP: 16/24 MP: 2/2
   479 | D:1      | Gained mutation: You have a pair of small horns on your
                  | head. [demonic ancestry]
   479 | D:1      | Reached XP level 3. HP: 29/29 MP: 3/3
  1736 | D:2      | Reached skill level 4 in Axes
  1851 | D:3      | Reached XP level 4. HP: 34/38 MP: 4/4
  2192 | D:3      | Noticed Robin
  2898 | D:3      | Killed Robin
  3224 | D:4      | Gained mutation: You are mostly covered in rugged brown
                  | scales. (AC +2, +5% HP) [demonic ancestry]
  3224 | D:4      | Reached XP level 5. HP: 28/44 MP: 5/5
  3370 | D:4      | Noticed a phantom
  3388 | D:4      | Killed a phantom
  3389 | D:4      | Reached skill level 5 in Axes
  3533 | D:4      | Reached XP level 6. HP: 28/51 MP: 6/6
  4272 | D:5      | Entered Level 5 of the Dungeon
  4543 | D:5      | Reached skill level 5 in Fighting
  4543 | D:5      | Reached skill level 6 in Axes
  4761 | D:5      | Found a runed translucent door.
  4762 | D:5      | Noticed Crazy Yiuf
  4774 | D:5      | Killed Crazy Yiuf
  4775 | D:5      | Reached XP level 7. HP: 40/58 MP: 7/7
  5503 | D:6      | Found Duskinik's Assorted Antiques.
  5514 | D:6      | Bought a jewelled ring mail for 279 gold pieces
  5514 | D:6      | Identified the +0 ring mail "Veimiblune" {rElec rF+ Slay+4}
                  | (You bought it in a shop on level 6 of the Dungeon)
  5544 | D:6      | Bought a coppery potion for 27 gold pieces
  5544 | D:6      | Bought a scroll labelled TUTEEFUDAPP for 31 gold pieces
  5718 | D:6      | Slain by a gnoll

Illustrated notes

Levels and vault maps discovered:
D:1:      heliophobic_arrival_enchanted_forest, layout_loops_ring
D:2:      layout_basic, minmay_quantized
D:3:      wad_crossroads, layout_basic, uniq_robin
D:4:      minmay_chambers_of_twos, layout_loops_ring
D:5:      layout_loops_ring, uniq_crazy_yiuf_cottage
D:6:      layout_loops_ring, serial_shops, kennysheep_mini_moat, shop_coins,
          uniq_menkaure

Skill      XL: |  1  2  3  4  5  6 |
---------------+-------------------+-----
Axes           | 3 4 5 6 |  6.9
Fighting       | 4 5 |  5.6
Dodging        | |  2.6
Stealth        | |  1.7

Action                   |  1- 3 |  4- 6 |  7- 9 || total
-------------------------+-------+-------+-------++-------
Melee: Hand axe          |   141 |   207 |    45 ||   393
       Punch             |     2 |     4 |       ||     6
       Headbutt          |    10 |    39 |    12 ||    61
Throw: Javelin           |     4 |       |       ||     4
  Use: Scroll            |       |     7 |     1 ||     8
       Potion            |       |     1 |     4 ||     5
 Stab: Sleeping          |     8 |     3 |       ||    11
Armor: Robe              |    10 |       |       ||    10
       Ring mail         |    18 |    77 |    11 ||   106
       Leather armour    |     3 |       |       ||     3
       Skin              |       |       |     1 ||     1
Dodge: Dodged            |    78 |   107 |    25 ||   210

Table legend: (Time is in decaauts)
 A = Elapsed time spent in this place.
 B = Non-inter-level travel time spent in this place.
 C = Inter-level travel time spent in this place.
 D = Time resting spent in this place.
 E = Time spent auto-exploring this place.
 F = Levels seen in this place.
 G = Mean time per level.
                   A        B        C        D        E       F      G
               +--------+--------+--------+--------+--------+-----+--------+
         Total |   5724 |   5565 |    159 |   1215 |   3313 |   6 |  954.0 |
       Dungeon |   5724 |   5565 |    159 |   1215 |   3313 |   6 |  954.0 |
               +--------+--------+--------+--------+--------+-----+--------+

Top non-repeatable levels by time:
     D:4: 1240 daAuts
     D:3: 1196 daAuts
     D:5: 1179 daAuts
     D:2: 1016 daAuts
     D:1: 846 daAuts
     D:6: 245 daAuts
